General information
- name: BNet
- type: Ladder team game (AT/RT)
- host: Battle.net
- saver: ChristmasGrinch
map: Battleground
- players: 8
- length: 46:38
- speed: Fast
- version: 1.26 W3XP
- replay type: Public
» download(257 KB)
Players
team 1 (loser)

»
codlin194 (
purple | 35 APM | 1033 actions | 29:20)
8 Tauren Chieftain
3 Endurance Aura
3 Shockwave
1 Reincarnation
1 War Stomp
» actions
| Assign group hotkey | 28 | |
| Basic commands | 21 | |
| Build / train | 61 | |
| Enter build submenu | 12 | |
| Enter hero's abilities submenu | 9 | |
| Right click | 438 | |
| Select / deselect | 193 | |
| Select group hotkey | 210 | |
| Use ability | 61 | |
1033 total
» units
» upgrades
| Berserker Strength | 1 | |
| Armor | 1 | |
| Melee Weapons | 1 | |
| Pillage | 1 | |
| Pulverize | 1 | |
5 total
» buildings
| Altar of Storms | 1 | |
| Orc Burrow | 6 | |
| Barracks | 1 | |
| Voodoo Lounge | 1 | |
| Stronghold | 1 | |
| War Mill | 1 | |
| Fortress | 1 | |
| Tauren Totem | 2 | |
14 total
» build order
00:23 Altar of Storms
00:28 Orc Burrow
00:52 Barracks
01:42 Orc Burrow
02:07 Voodoo Lounge
02:47 Orc Burrow
04:33 Stronghold
05:39 War Mill
07:11 Fortress
07:43 Orc Burrow
08:49 Orc Burrow
10:35 Tauren Totem
11:02 Tauren Totem
12:05 Orc Burrow
» items
| Healing Salve | 6 | |
| Lesser Clarity Potion | 2 | |
| Scroll of Speed | 1 | |
| Potion of Healing | 1 | |
| Scroll of Town Portal | 3 | |
| Orb of Lightning | 1 | |
14 total
Roxark (
blue | 77 APM | 3599 actions | 46:34)
6 Keeper of the Grove
3 Force of Nature
2 Entangling Roots
1 Tranquility
5 Warden
3 Fan of Knives
2 Shadow Strike
1 Tauren Chieftain
1 War Stomp
» actions
| Assign group hotkey | 17 | |
| Basic commands | 17 | |
| Build / train | 97 | |
| Enter build submenu | 19 | |
| Enter hero's abilities submenu | 12 | |
| Remove unit from queue | 1 | |
| Right click | 1461 | |
| Select / deselect | 620 | |
| Select group hotkey | 1270 | |
| Use ability | 85 | |
3599 total
» units
| Wisp | 18 | |
| Archer | 24 | |
| Hippogryph | 14 | |
| Rifleman | 3 | |
59 total
» upgrades
| Improved Bows | 1 | |
| Ultravision | 1 | |
| Hippogryph Taming | 1 | |
| Moon Armor | 3 | |
| Strength of the Moon | 3 | |
| Marksmanship | 1 | |
| Well Spring | 1 | |
11 total
» buildings
| Altar of Elders | 1 | |
| Moon Well | 8 | |
| Hunter's Hall | 1 | |
| Ancient Protector | 3 | |
| Tree of Ages | 1 | |
| Ancient of War | 1 | |
| Ancient of Wonders | 1 | |
| Ancient of Wind | 2 | |
| Tree of Eternity | 1 | |
| Tree of Life | 3 | |
22 total
» build order
00:12 Altar of Elders
00:18 Moon Well
01:39 Moon Well
01:51 Hunter's Hall
02:28 Moon Well
02:56 Moon Well
03:00 Ancient Protector
03:13 Tree of Ages
03:45 Ancient Protector
04:36 Ancient of War
05:33 Ancient of Wonders
06:23 Ancient of Wind
06:54 Ancient of Wind
08:18 Ancient Protector
09:48 Moon Well
09:49 Moon Well
09:51 Moon Well
11:17 Tree of Eternity
19:07 Tree of Life
27:05 Tree of Life
42:49 Tree of Life
44:30 Moon Well
» items
| Potion of Lesser Invulnerability | 5 | |
| Potion of Healing | 2 | |
| Scroll of Healing | 1 | |
| Scroll of Town Portal | 1 | |
9 total
Darklotus420 (
teal | 19 APM | 708 actions | 37:27)
4 Archmage
1 Brilliance Aura
2 Summon Water Elemental
1 Blizzard
1 Blood Mage
1 Siphon Mana
» actions
| Assign group hotkey | 3 | |
| Basic commands | 30 | |
| Build / train | 79 | |
| Enter build submenu | 21 | |
| Enter hero's abilities submenu | 5 | |
| Give item / drop item | 2 | |
| Remove unit from queue | 3 | |
| Right click | 294 | |
| Select / deselect | 177 | |
| Select group hotkey | 52 | |
| Use ability | 42 | |
708 total
» units
» upgrades
| Gunpowder | 3 | |
| Armor | 3 | |
| Long Rifles | 1 | |
| Masonry | 1 | |
| Swords | 1 | |
| Lumber Harvesting | 1 | |
10 total
» buildings
| Farm | 9 | |
| Altar of Kings | 1 | |
| Barracks | 2 | |
| Blacksmith | 1 | |
| Keep | 1 | |
| Arcane Vault | 1 | |
| Castle | 1 | |
| Lumber Mill | 1 | |
| Scout Tower | 3 | |
| Arcane Tower | 1 | |
| Guard Tower | 2 | |
| Town Hall | 1 | |
24 total
» build order
09:43 Farm
09:58 Altar of Kings
10:18 Barracks
11:00 Barracks
11:41 Blacksmith
11:58 Farm
12:18 Farm
12:31 Keep
12:41 Farm
13:01 Farm
13:43 Farm
13:47 Farm
14:28 Farm
14:33 Farm
14:39 Arcane Vault
14:53 Castle
15:11 Lumber Mill
18:30 Scout Tower
18:59 Arcane Tower
19:03 Scout Tower
19:26 Scout Tower
19:34 Guard Tower
20:05 Guard Tower
33:59 Town Hall
» items
| Dust of Appearance | 1 | |
| Circlet of Nobility | 1 | |
| Periapt of Vitality | 1 | |
| Boots of Speed | 1 | |
| Scroll of Town Portal | 2 | |
| Potion of Healing | 1 | |
7 total
xalxprophecy (
green | 45 APM | 2082 actions | 46:25)
7 Dark Ranger
3 Black Arrow
3 Life Drain
1 Charm
» actions
| Basic commands | 4 | |
| Build / train | 96 | |
| Enter build submenu | 22 | |
| Enter hero's abilities submenu | 7 | |
| Give item / drop item | 6 | |
| Remove unit from queue | 3 | |
| Right click | 1403 | |
| Select / deselect | 462 | |
| Use ability | 79 | |
2082 total
» units
| Wisp | 24 | |
| Archer | 30 | |
| Glaive Thrower | 2 | |
| Hippogryph | 10 | |
| Chimaera | 5 | |
71 total
» upgrades
| Strength of the Moon | 3 | |
| Moon Armor | 3 | |
| Hippogryph Taming | 1 | |
| Improved Bows | 1 | |
8 total
» buildings
| Altar of Elders | 1 | |
| Moon Well | 7 | |
| Ancient of War | 1 | |
| Hunter's Hall | 2 | |
| Ancient Protector | 2 | |
| Tree of Ages | 1 | |
| Ancient of Wind | 2 | |
| Tree of Eternity | 1 | |
| Ancient of Wonders | 1 | |
| Chimaera Roost | 2 | |
| Tree of Life | 1 | |
21 total
» build order
00:10 Altar of Elders
00:11 Moon Well
00:28 Ancient of War
02:28 Moon Well
05:24 Moon Well
06:43 Hunter's Hall
06:57 Hunter's Hall
08:07 Ancient Protector
08:29 Tree of Ages
09:59 Ancient Protector
11:05 Ancient of Wind
11:09 Ancient of Wind
14:11 Moon Well
15:07 Moon Well
18:15 Moon Well
19:10 Moon Well
19:18 Tree of Eternity
20:06 Ancient of Wonders
22:06 Chimaera Roost
22:10 Chimaera Roost
31:49 Tree of Life
» items
| Orb of Venom | 1 | |
| Dust of Appearance | 1 | |
| Scroll of Town Portal | 1 | |
3 total
team 2 (winner)

»
BAdEnd_KingDooM (
red | 62 APM | 2647 actions | 42:26)
6 Archmage
3 Blizzard
2 Brilliance Aura
1 Mass Teleport
» actions
| Assign group hotkey | 42 | |
| Basic commands | 55 | |
| Build / train | 66 | |
| Enter build submenu | 25 | |
| Enter hero's abilities submenu | 6 | |
| Give item / drop item | 3 | |
| Remove unit from queue | 1 | |
| Right click | 808 | |
| Select / deselect | 318 | |
| Select group hotkey | 1255 | |
| Use ability | 67 | |
2647 total
» units
| Peasant | 10 | |
| Spell Breaker | 5 | |
| Priest | 3 | |
| Sorceress | 3 | |
| Flying Machine | 8 | |
| Mortar Team | 1 | |
30 total
» upgrades
| Lumber Harvesting | 2 | |
| Masonry | 3 | |
| Priest Training | 2 | |
| Sorceress Training | 2 | |
| Control Magic | 1 | |
| Flak Cannons | 1 | |
| Flying Machine Bombs | 1 | |
| Magic Sentry | 1 | |
13 total
» buildings
| Altar of Kings | 1 | |
| Farm | 10 | |
| Arcane Vault | 1 | |
| Scout Tower | 5 | |
| Lumber Mill | 1 | |
| Arcane Tower | 1 | |
| Keep | 1 | |
| Castle | 1 | |
| Arcane Sanctum | 3 | |
| Guard Tower | 3 | |
| Blacksmith | 1 | |
| Workshop | 3 | |
31 total
» build order
00:11 Altar of Kings
00:16 Farm
00:58 Arcane Vault
01:27 Scout Tower
01:45 Lumber Mill
01:56 Arcane Tower
02:50 Keep
03:07 Farm
05:22 Castle
05:27 Arcane Sanctum
05:30 Arcane Sanctum
05:40 Arcane Sanctum
05:47 Scout Tower
05:51 Farm
07:45 Farm
07:46 Farm
08:25 Guard Tower
08:52 Farm
13:09 Farm
13:10 Farm
15:06 Scout Tower
15:13 Scout Tower
15:22 Scout Tower
15:37 Guard Tower
16:21 Guard Tower
16:26 Blacksmith
17:01 Workshop
17:04 Workshop
17:37 Workshop
17:45 Farm
17:46 Farm
» items
| Healing Salve | 1 | |
| Lesser Clarity Potion | 1 | |
| Scroll of Speed | 1 | |
| Circlet of Nobility | 1 | |
| Potion of Healing | 2 | |
| Scroll of Town Portal | 2 | |
| Orb of Lightning | 1 | |
9 total
ChristmasGrinch (
yellow | 54 APM | 2501 actions | 46:38)
10 Blademaster
3 Wind Walk
3 Critical Strike
1 Bladestorm
3 Mirror Image
» actions
| Assign group hotkey | 60 | |
| Basic commands | 152 | |
| Build / train | 84 | |
| Enter build submenu | 52 | |
| Enter hero's abilities submenu | 10 | |
| Give item / drop item | 15 | |
| Remove unit from queue | 2 | |
| Right click | 1035 | |
| Select / deselect | 387 | |
| Select group hotkey | 298 | |
| Use ability | 405 | |
2501 total
» units
| Peon | 21 | |
| Grunt | 4 | |
| Troll Batrider | 4 | |
| Wind Rider | 3 | |
32 total
» upgrades
| Pillage | 1 | |
| Spiked Barricades | 3 | |
| Reinforced Defenses | 1 | |
| Troll Regeneration | 1 | |
| Burning Oil | 1 | |
| Envenomed Spears | 1 | |
| Liquid Fire | 1 | |
| Ensnare | 1 | |
| Ranged Weapons | 3 | |
| Armor | 3 | |
16 total
» buildings
| Orc Burrow | 7 | |
| Altar of Storms | 1 | |
| Barracks | 1 | |
| Voodoo Lounge | 1 | |
| Stronghold | 2 | |
| War Mill | 1 | |
| Beastiary | 6 | |
| Great Hall | 2 | |
| Watch Tower | 33 | |
| Fortress | 1 | |
55 total
» build order
00:13 Orc Burrow
00:53 Altar of Storms
00:54 Barracks
01:08 Orc Burrow
01:38 Voodoo Lounge
02:51 Stronghold
02:52 Stronghold
03:51 Orc Burrow
04:45 War Mill
05:46 Beastiary
05:46 Beastiary
06:11 Orc Burrow
09:23 Great Hall
09:31 Watch Tower
09:32 Watch Tower
09:32 Watch Tower
09:33 Watch Tower
09:33 Watch Tower
09:35 Watch Tower
09:36 Watch Tower
09:36 Watch Tower
10:45 Watch Tower
10:46 Watch Tower
11:47 Watch Tower
11:48 Watch Tower
12:10 Watch Tower
12:11 Watch Tower
12:11 Watch Tower
12:12 Watch Tower
12:14 Watch Tower
13:52 Great Hall
13:59 Watch Tower
14:00 Watch Tower
14:42 Watch Tower
14:43 Watch Tower
14:47 Watch Tower
15:07 Watch Tower
15:49 Beastiary
15:51 Beastiary
16:20 Watch Tower
16:20 Watch Tower
16:55 Watch Tower
16:56 Watch Tower
18:08 Fortress
18:15 Watch Tower
18:16 Watch Tower
18:19 Watch Tower
18:24 Watch Tower
19:47 Watch Tower
19:47 Watch Tower
25:37 Beastiary
25:41 Beastiary
27:39 Orc Burrow
39:35 Orc Burrow
39:38 Orc Burrow
» items
| Boots of Speed | 1 | |
| Healing Salve | 7 | |
| Periapt of Vitality | 1 | |
| Staff of Teleportation | 2 | |
| Lesser Clarity Potion | 3 | |
| Orb of Lightning | 1 | |
| Potion of Healing | 2 | |
| Potion of Mana | 2 | |
| Scroll of Town Portal | 1 | |
20 total
FusedatFive (
pink | 36 APM | 1663 actions | 46:35)
5 Blademaster
3 Wind Walk
2 Critical Strike
7 Shadow Hunter
3 Healing Wave
3 Hex
1 Big Bad Voodoo
» actions
| Assign group hotkey | 1 | |
| Basic commands | 9 | |
| Build / train | 69 | |
| Enter build submenu | 18 | |
| Enter hero's abilities submenu | 12 | |
| Right click | 966 | |
| Select / deselect | 455 | |
| Use ability | 133 | |
1663 total
» units
| Peon | 8 | |
| Grunt | 8 | |
| Shaman | 11 | |
| Tauren | 9 | |
36 total
» upgrades
| Armor | 2 | |
| Melee Weapons | 1 | |
| Shaman Training | 2 | |
| Berserker Strength | 1 | |
| Pulverize | 1 | |
7 total
» buildings
| Altar of Storms | 1 | |
| Orc Burrow | 7 | |
| Voodoo Lounge | 2 | |
| Barracks | 1 | |
| Stronghold | 1 | |
| War Mill | 1 | |
| Spirit Lodge | 1 | |
| Fortress | 1 | |
| Tauren Totem | 5 | |
20 total
» build order
00:07 Altar of Storms
00:22 Orc Burrow
01:00 Voodoo Lounge
01:28 Orc Burrow
01:55 Barracks
04:27 Stronghold
04:31 War Mill
04:37 Orc Burrow
06:24 Voodoo Lounge
07:38 Spirit Lodge
08:53 Fortress
10:08 Orc Burrow
11:42 Tauren Totem
11:44 Tauren Totem
12:29 Orc Burrow
14:33 Orc Burrow
16:46 Orc Burrow
19:21 Tauren Totem
19:26 Tauren Totem
19:35 Tauren Totem
» items
| Healing Salve | 4 | |
| Lesser Clarity Potion | 3 | |
| Potion of Healing | 3 | |
10 total
sapote19 (
orange | 31 APM | 1453 actions | 46:35)
6 Priestess of the Moon
3 Trueshot Aura
2 Searing Arrows
1 Starfall
1 Demon Hunter
1 Immolation
» actions
| Basic commands | 8 | |
| Build / train | 85 | |
| Enter build submenu | 26 | |
| Enter hero's abilities submenu | 7 | |
| Remove unit from queue | 1 | |
| Right click | 818 | |
| Select / deselect | 454 | |
| Use ability | 54 | |
1453 total
» units
| Wisp | 20 | |
| Huntress | 7 | |
| Dryad | 29 | |
| Archer | 11 | |
67 total
» upgrades
| Moon Armor | 1 | |
| Strength of the Moon | 1 | |
| Abolish Magic | 1 | |
| Reinforced Hides | 2 | |
| Nature's Blessing | 1 | |
6 total
» buildings
| Altar of Elders | 1 | |
| Moon Well | 7 | |
| Hunter's Hall | 1 | |
| Ancient of War | 2 | |
| Ancient Protector | 7 | |
| Tree of Ages | 1 | |
| Ancient of Lore | 3 | |
| Tree of Life | 4 | |
26 total
» build order
00:08 Altar of Elders
00:12 Moon Well
01:49 Hunter's Hall
02:26 Ancient of War
02:56 Ancient of War
03:00 Moon Well
04:41 Ancient Protector
05:30 Moon Well
05:37 Tree of Ages
08:23 Moon Well
10:08 Ancient Protector
10:20 Ancient Protector
11:40 Ancient of Lore
13:01 Ancient Protector
14:03 Ancient of Lore
15:27 Ancient of Lore
15:37 Moon Well
16:26 Ancient Protector
17:02 Moon Well
18:04 Ancient Protector
20:14 Ancient Protector
20:17 Moon Well
25:19 Tree of Life
31:19 Tree of Life
34:06 Tree of Life
36:18 Tree of Life
» items
| Healing Salve | 1 | |
| Scroll of Town Portal | 1 | |
2 total
Chat log
(00:29 / Allies) ChristmasGrinch: Give me some gold you little whos in whoville
(02:34 / Allies) ChristmasGrinch: Gold whos?
(05:09 / Allies) BAdEnd_KingDooM: datonate if u can
(08:57 / Allies) ChristmasGrinch: Lumber whos?
(11:17 / Allies) ChristmasGrinch: Lumber whos?
(13:07 / Allies) FusedatFive: wood
(13:40 / Allies) BAdEnd_KingDooM: grunts idle
(13:56 / Allies) ChristmasGrinch: Lumber whos?
(14:06 / Allies) ChristmasGrinch: wood whos?
(15:53 / Allies) BAdEnd_KingDooM: b
(15:54 / Allies) BAdEnd_KingDooM: b
(15:56 / Allies) BAdEnd_KingDooM: b
(15:57 / Allies) BAdEnd_KingDooM: b
(17:04 / Allies) ChristmasGrinch: Lumbers?
(17:14 / All) Darklotus420: i was protecting poiurple
(20:10 / Allies) BAdEnd_KingDooM: all togther
(21:42 / All) Darklotus420: fucking yeelow nigger
(21:49 / All) Darklotus420: almost got your fasggit ass
(22:03 / All) Darklotus420: to bad i was busy doing sumthing at the begginng of the game
(22:06 / All) Darklotus420: u fucking nigger
(22:12 / All) Darklotus420: pos loser hero
(22:26 / All) Darklotus420: hid all god dam day sneak around
(22:31 / All) Darklotus420: ill get that bitch i promoise
(22:34 / All) Darklotus420: n pink to
(23:16 / All) Darklotus420: i did that hrs ago green
(23:26 / All) Darklotus420: almost had the faggit
(23:36 / All) Darklotus420: he gonna come back n do his move
(23:42 / All) Darklotus420: i already nknow hes a bitch
(23:51 / All) Darklotus420: n if i could hack him i would break his computer
(24:08 / All) ChristmasGrinch: Why such hostility little who in whoville?
(24:34 / All) Darklotus420: o god its grinch
(24:37 / All) Darklotus420: lol
(24:45 / All) Darklotus420: i didnt even know it was u dude
(24:52 / All) Darklotus420: fuckin dickhead
(25:04 / All) Darklotus420: im christmas goku remeber yesterday
(25:17 / Allies) FusedatFive: the cavilt
(25:29 / All) ChristmasGrinch: You must have met an imposter
(25:43 / All) Darklotus420: lol maybe
(26:32 / Allies) BAdEnd_KingDooM: gold yellow
(26:55 / Allies) BAdEnd_KingDooM: gol
(26:58 / Allies) BAdEnd_KingDooM: gold
(27:02 / Allies) ChristmasGrinch: Lumber
(27:42 / All) Darklotus420: i had a peice of poop stuck in my butt this morning
(27:48 / All) Darklotus420: my fuckin ass hurts bad now
(28:10 / All) Darklotus420: like blood cam eout with it n stuff it was like a brick from eating a block of chesse
(28:19 / All) Darklotus420: so lay off the holiday cheese or your ass will pay trust me
(28:27 / All) Darklotus420: sitting on 2 pillows right now
(28:47 / All) Darklotus420: plus i think i have ulser or it mite be cancer dunno
(29:06 / All) ChristmasGrinch: Are you a Jewish Who?
(29:16 / All) Darklotus420: prolly buying weed for me
(29:21 / All) Darklotus420: n herion for me friends today
(29:33 / All) Darklotus420: u know what herion is
(29:36 / All) Darklotus420: very bad dope
(29:45 / All) Darklotus420: u shoot it in your veins
(29:53 / All) Darklotus420: they like fall asleep sitting up-
(30:01 / All) Darklotus420: i just eat all the snacks
(30:31 / All) Darklotus420: im good green
(30:33 / Allies) ChristmasGrinch: Lumbers?
(30:46 / All) Darklotus420: o lol
(31:04 / All) Darklotus420: there like 700
(33:11 / All) Roxark: gg
(33:15 / All) Roxark: bullshit team
(34:10 / All) ChristmasGrinch: Why is blue TKing?
(34:29 / All) xalxprophecy: cause hes a retard
(35:31 / All) Darklotus420: im not scare dof that
(36:30 / All) Darklotus420: lol
(36:47 / All) Darklotus420: i thaught blue was n enemy
(36:52 / All) Darklotus420: when i was fighting him
(36:54 / All) Darklotus420: wow
(37:00 / All) Darklotus420: i need to pay better attention
(37:01 / All) xalxprophecy: blues a bitch
(37:30 / All) BAdEnd_KingDooM: ggg
(37:32 / All) xalxprophecy: blues base is wide open for attack
(37:39 / All) xalxprophecy: fuck u blue
(38:07 / Allies) ChristmasGrinch: Charge
(38:45 / Allies) BAdEnd_KingDooM: lol
(38:49 / All) FusedatFive: lol whyy
(39:34 / All) FusedatFive: lol yellow
(39:37 / All) FusedatFive: ur so good
(40:24 / Allies) FusedatFive: diee!!!